 Dungeon Crawl Stone Soup version 0.23.2-1-ga50397a6bc (webtiles) character file.

Game seed: 2587507552634203153

1416 OneEyedShark the Ruffian (level 8, 0/81 HPs)
             Began as a Troll Berserker on May 28, 2019.
             Was a Priest of Trog.
             Slain by an orc warrior
             ... wielding a +0 halberd
              (18 damage)
             ... on level 6 of the Dungeon.
             The game lasted 00:07:16 (2944 turns).

OneEyedShark the Ruffian (Troll Berserker)          Turns: 2944, Time: 00:07:16

Health: 0/81       AC:  8    Str: 26    XL:     8   Next: 43%
Magic:  7/7        EV: 11    Int:  8    God:    Trog [***...]
Gold:   227        SH:  0    Dex: 11    Spells: 7/7 levels left

rFire    . . .     SeeInvis .     - Unarmed
rCold    . . .     Gourm    +   (no shield)
rNeg     . . .     Faith    .   a - +1 animal skin
rPois    .         Spirit   .   (helmet restricted)
rElec    .         Reflect  .   g - +0 cloak
rCorr    .         Harm     .   (gloves unavailable)
MR       .....                  (boots unavailable)
Stlth    +.........             n - amulet of regeneration
HPRegen  1.03/turn              o - +5 ring of intelligence
MPRegen  0.10/turn              (no ring)

@: heavily drained
A: large, unfitting armour, claws 3, fast metabolism 3, gourmand, regeneration
1, shaggy fur 1, tough skin 3
a: Berserk, Trog's Hand, Renounce Religion


You were on level 6 of the Dungeon.
You worshipped Trog.
Trog was most pleased with you.
You were completely stuffed.

You visited 2 branches of the dungeon, and saw 7 of its levels.

You collected 227 gold pieces.

Inventory:

Hand Weapons
 s - a +3 flail of holy wrath
Armour
 a - a +1 animal skin (worn)
 g - a +0 cloak (worn)
Jewellery
 n - an amulet of regeneration (around neck)
 o - a +5 ring of intelligence (left claw)
Wands
 d - a wand of scattershot (6)
 h - a wand of flame (18)
 t - a wand of polymorph (12)
Scrolls
 m - a scroll of remove curse
 u - a scroll of identify
Potions
 c - 2 potions of degeneration {unknown}
 e - 2 potions of cancellation {unknown}
 f - a potion of brilliance {unknown}
 i - 3 potions of curing {unknown}
 j - 2 potions of agility {unknown}
 k - a potion of heal wounds {unknown}
 l - 2 potions of flight {unknown}
 q - a potion of haste {unknown}
 r - a potion of lignification {unknown}
 v - a potion of mutation {unknown}
Comestibles
 b - 15 rations
 p - a chunk of flesh


   Skills:
 + Level 5.5(3.7) Fighting
 + Level 5.6(3.8) Dodging
 + Level 6.7(4.9) Unarmed Combat


You had 7 spell levels left.
You didn't know any spells.
Your spell library was empty.

Dungeon Overview and Level Annotations

Branches:
Dungeon (6/15)             Temple (1/1) D:6

Altars:
Cheibriados
Dithmenos
Elyvilon
Fedhas
Gozag
Hepliaklqana
Kikubaaqudgha
Makhleb
Nemelex Xobeh
Okawaru
Qazlal
Ru
Sif Muna
Trog
Uskayaw
Vehumet
Wu Jian
Xom
Yredelemnul
Zin
The Shining One

Shops:
D:4 =

Annotations:
D:3 1 runed translucent door, Revguard's ghost, amateur MiGl


Innate Abilities, Weirdness & Mutations

You are too large for most types of armour.
You have claws for hands.
Your metabolism is lightning-fast.
You like to eat raw meat.
Your natural rate of healing is unusually fast.
You are covered in fur. (AC +1)
You have extremely tough skin. (AC +3)


Message History

The orc warrior is severely wounded.
The orc warrior hits you with a +0 halberd!
* * * LOW HITPOINT WARNING * * *
You scratch the orc warrior.
The orc warrior is almost dead.
The orc warrior hits you with a +0 halberd.
* * * LOW HITPOINT WARNING * * *
You barely miss the orc warrior.
The orc warrior is almost dead.
The orc warrior barely misses you.
You barely miss the orc warrior. Your claw misses the orc warrior.
The orc warrior is almost dead.
You closely miss the orc warrior.
The orc warrior is almost dead.
The orc warrior hits you with a +0 halberd.
* * * LOW HITPOINT WARNING * * *
You scratch the orc warrior.
The orc warrior is almost dead.
The orc warrior hits you with a +0 halberd!!
You die...

#.#.............
##.#.............
#..#...............
#.##..)..........<..
#.##...<............
#.##.............(..
##.###..[..((........
##....##.....#........ #
#....oo@............. ..
#.(...###..#.....### ..#
#.....##..#.......###...
........######.#.........#....
..[.....# #.#.........)..(.
........# #.#.........#....
....o.... #.#..............
........$ ..#..........#...
......... .............# ..


You could see an orc warrior and an orc.

Vanquished Creatures
  Edmund (D:6)
  5 ogres
  2 bullfrogs (D:6)
  3 wights
  A howler monkey (D:3)
  A crimson imp (D:4)
  A bullfrog zombie (D:6)
  A hound (D:5)
  2 orc priests (D:6)
  Terence (D:3)
  2 bullfrog skeletons
  2 orc wizards
  6 worker ants
  A gnoll (D:1)
  7 adders
  An ooze (D:2)
  3 worms
  3 dart slugs
  3 leopard geckos
  10 orcs
  A ball python (D:5)
  5 bats
  8 giant cockroaches
  5 goblins
  7 hobgoblins
  11 kobolds
  A quokka (Temple)
  10 frilled lizards
  A quokka skeleton (D:5)
  8 rats
113 creatures vanquished.

Notes
Turn   | Place    | Note
-------+----------+-------------------------------------------
     0 | D:1      | OneEyedShark the Troll Berserker began the quest for the
                  | Orb.
     0 | D:1      | Reached XP level 1. HP: 22/22 MP: 0/0
    94 | D:1      | Reached XP level 2. HP: 29/29 MP: 1/1
   246 | D:1      | Reached XP level 3. HP: 36/36 MP: 2/2
   257 | D:1      | Reached ** piety under Trog
   773 | D:3      | Reached XP level 4. HP: 45/45 MP: 3/3
   833 | D:3      | Noticed Terence
   858 | D:3      | Killed Terence
   858 | D:3      | Reached skill level 4 in Unarmed Combat
   865 | D:3      | Reached XP level 5. HP: 41/53 MP: 4/4
  1120 | D:3      | Reached *** piety under Trog
  1286 | D:3      | Found a runed translucent door.
  1299 | D:3      | Noticed Revguard's ghost (amateur MiGl)
  1426 | D:4      | Found Wilijorch's Jewellery Shoppe.
  1524 | D:4      | Reached XP level 6. HP: 62/62 MP: 5/5
  1771 | D:4      | Reached skill level 5 in Unarmed Combat
  1899 | D:4      | Reached XP level 7. HP: 70/70 MP: 6/6
  2059 | D:5      | Entered Level 5 of the Dungeon
  2471 | D:6      | Noticed Edmund
  2488 | D:6      | Killed Edmund
  2532 | D:6      | Found a staircase to the Ecumenical Temple.
  2536 | D:6      | Reached skill level 5 in Fighting
  2536 | D:6      | Reached skill level 5 in Dodging
  2536 | D:6      | Reached skill level 6 in Unarmed Combat
  2565 | D:6      | Reached XP level 8. HP: 80/80 MP: 7/7
  2654 | Temple   | Entered the Ecumenical Temple
  2944 | D:6      | Slain by an orc warrior

Skill      XL: |  1  2  3  4  5  6  7 |
---------------+----------------------+-----
Dodging        | 3 4 5 |  5.6
Fighting       | 3 4 5 |  5.5
Unarmed Combat | 4 5 6 |  6.7

Action                   |  1- 3 |  4- 6 |  7- 9 || total
-------------------------+-------+-------+-------++-------
Melee: Unarmed           |    87 |   109 |   136 ||   332
       Punch             |     1 |     5 |     6 ||    12
Invok: Berserk           |       |       |     2 ||     2
  Use: Scroll            |       |     8 |       ||     8
 Stab: Sleeping          |     3 |       |       ||     3
  Eat: Chunk             |    13 |    10 |    12 ||    35
Armor: Animal skin       |    18 |    50 |    36 ||   104
Dodge: Dodged            |    40 |    69 |    83 ||   192
